 Dungeon Crawl Stone Soup version 0.24.0-1-gfbc8707 (webtiles) character file.

Game seed: 14856823886405792188, levelgen mode: deterministic

541 Fang the Skirmisher (level 7, -1/66 HPs)
             Began as a Gargoyle Berserker on Oct 28, 2019.
             Was a Priest of Trog.
             Slain by a bullfrog skeleton (3 damage)
             ... on level 4 of the Dungeon.
             The game lasted 00:05:49 (3006 turns).

Fang the Skirmisher (Gargoyle Berserker)            Turns: 3006, Time: 00:05:49

Health: -1/66      AC: 14    Str: 28    XL:     7   Next: 26%
Magic:  7/7        EV:  9    Int:  7    God:    Trog [***...]
Gold:   168        SH:  0    Dex:  9    Spells: 6/6 levels left

rFire    . . .     SeeInvis .   a - +0 war axe
rCold    . . .     Gourm    .   (no shield)
rNeg     + . .     Faith    .   b - +0 chain mail
rPois    ∞         Spirit   .   (no helmet)
rElec    +         Reflect  .   (no cloak)
rCorr    .         Harm     .   (no gloves)
MR       .....                  (no boots)
Stlth    ..........             (no amulet)
HPRegen  0.21/turn              (no ring)
MPRegen  0.10/turn              (no ring)

@: berserking, very quick
A: negative energy resistance 1, electricity resistance, unbreathing,
petrification resistance, rot immunity, AC +4
a: Berserk, Trog's Hand, Renounce Religion


You were on level 4 of the Dungeon.
You worshipped Trog.
Trog was most pleased with you.
You were very hungry.

You visited 1 branch of the dungeon, and saw 4 of its levels.
You also visited: Sewer.

You collected 168 gold pieces.

Inventory:

Hand Weapons
 a - a +0 war axe (weapon)
Armour
 b - a +0 chain mail (worn)
Jewellery
 l - a +2 ring of strength
Scrolls
 d - a scroll of noise {unknown}
 e - 4 scrolls of identify {unknown}
 f - a scroll of remove curse {unknown}
 i - a scroll of enchant weapon {unknown}
 j - 2 scrolls of enchant armour {unknown}
 n - a scroll of fog {unknown}
 p - a scroll of blinking {unknown}
Potions
 g - 2 potions of degeneration {unknown}
 h - a potion of heal wounds {unknown}
 k - a potion of resistance {unknown}
 m - 2 potions of flight {unknown}
 o - a potion of curing {unknown}
Comestibles
 c - 8 rations
 q - 4 chunks of flesh


   Skills:
 * Level 5.5 Fighting
 * Level 4.6 Axes
 + Level 4.2 Armour
 + Level 3.0 Dodging


You had 6 spell levels left.
You didn't know any spells.
Your spell library was empty.

Dungeon Overview and Level Annotations

Branches:
Dungeon (4/15)              Sewer (visited)
 Temple: D:4-7

Altars:
Dithmenos
Gozag
Nemelex Xobeh
Sif Muna
Trog
Xom
The Shining One


Innate Abilities, Weirdness & Mutations

You are resistant to torment.
Your stone body is resilient. (AC +4)
You are immune to poison.
You resist negative energy. (rN+)
You are resistant to electric shocks. (rElec)
You can survive without breathing.
You are immune to petrification.
You are immune to rotting.


Message History

You are too injured to fight recklessly!
You are too injured to fight recklessly!
You are too injured to fight recklessly!
A red film seems to cover your vision as you go berserk!
You feel yourself moving faster!
You feel mighty!
You are feeling very hungry.
The bullfrog skeleton hits you but does no damage.
The ogre hits you with a +0 giant club!
* * * LOW HITPOINT WARNING * * *
The leopard gecko zombie barely misses you.
The bullfrog skeleton hits you but does no damage.
You hit the ogre.
The ogre is moderately wounded.
You slice the leopard gecko zombie!!
You destroy the leopard gecko zombie!
Trog accepts your kill.
You hit the bullfrog skeleton. The ogre hits you with a +0 giant club!
* * * LOW HITPOINT WARNING * * *
The bullfrog skeleton hits you.
You die...

##.... .. ##....
#.. ###....##...
#......#....
#...........
#..........
#.O.......
##@Z......
#.........
#..##..... ###
##...# ##..
##.###..#...# .
#...#...#......
#..^.##.....###
###...#.......#
#.....#.........


You could see an ogre and a bullfrog skeleton.

Vanquished Creatures
  2 ogres (D:4)
  2 bullfrogs (Sewer)
  2 orc priests (D:3)
  A howler monkey skeleton (D:4)
  8 adders
  A worm (D:2)
  2 dart slugs
  5 leopard geckos
  8 orcs (D:3)
  11 giant cockroaches
  10 goblins
  7 hobgoblins
  2 ball pythons
  7 bats
  10 frilled lizards
  7 kobolds
  A leopard gecko zombie (D:4)
  5 rats
91 creatures vanquished.

Notes
Turn   | Place    | Note
-------+----------+-------------------------------------------
     0 | D:1      | Fang the Gargoyle Berserker began the quest for the Orb.
     0 | D:1      | Reached XP level 1. HP: 14/14 MP: 1/1
   166 | D:1      | Reached XP level 2. HP: 13/19 MP: 2/2
   494 | D:1      | Reached XP level 3. HP: 23/23 MP: 3/3
   859 | D:2      | Reached ** piety under Trog
  1004 | D:2      | Found a sparkling altar of Nemelex Xobeh.
  1038 | D:2      | Reached XP level 4. HP: 27/29 MP: 4/4
  1058 | D:2      | Found a bloodstained altar of Trog.
  1337 | D:3      | Reached skill level 4 in Fighting
  1361 | D:3      | Reached XP level 5. HP: 24/33 MP: 5/5
  1473 | D:3      | Found a shimmering blue altar of Sif Muna.
  1479 | D:3      | Found a white marble altar of Elyvilon.
  1479 | D:3      | Found a shadowy altar of Dithmenos.
  1481 | D:3      | Found a glowing golden altar of the Shining One.
  1481 | D:3      | Found an opulent altar of Gozag.
  1481 | D:3      | Found a shimmering altar of Xom.
  1882 | D:3      | Found a glowing drain.
  1904 | Sewer    | Entered a sewer
  1971 | Sewer    | Reached *** piety under Trog
  2134 | Sewer    | Reached XP level 6. HP: 23/40 MP: 6/6
  2227 | Sewer    | Reached skill level 5 in Fighting
  2687 | D:4      | Reached XP level 7. HP: 22/44 MP: 7/7
  3006 | D:4      | HP: 2/66 [ogre/+0 giant club (7)]
  3006 | D:4      | Slain by a bullfrog skeleton

Levels and vault maps discovered:
D:1:      dpeg_arrival_pond, layout_loops_ring, minivault_24
D:2:      layout_loops_ring, bloody_trog, nemelex_xobeh_ov_fountains_minmay
D:3:      layout_basic, first_ration, portal_sewer_entry_b, doesnt_xom_only_xom
D:4:      cheibrodos_quashed, layout_cave_pools, nrook_loot_triangle

Skill      XL: |  1  2  3  4  5  6 |
---------------+-------------------+-----
Axes           | 3 4 |  4.6
Dodging        | 2 3 |  3.0
Armour         | 3 4 |  4.2
Fighting       | 4 5 |  5.5

Action                   |  1- 3 |  4- 6 |  7- 9 || total
-------------------------+-------+-------+-------++-------
Melee: Hand axe          |   172 |    25 |       ||   197
       War axe           |       |   145 |    11 ||   156
Invok: Berserk           |       |     4 |     1 ||     5
  Eat: Chunk             |     1 |     9 |     1 ||    11
Armor: Chain mail        |   126 |   155 |     5 ||   286
       Animal skin       |     8 |       |       ||     8
Dodge: Dodged            |   105 |   117 |    10 ||   232
